 Dungeon Crawl Stone Soup version 0.21.1-1-g345015f (webtiles) character file.

12671 Supahsalami the Fighter (level 11, 0/90 (92) HPs)
             Began as a Demonspawn Berserker on June 15, 2018.
             Was a High Priest of Trog.
             Slain by a stone giant (15 damage)
             ... on level 1 of the Orcish Mines.
             The game lasted 01:34:12 (14131 turns).

Supahsalami the Fighter (Demonspawn Berserker)     Turns: 14131, Time: 01:34:13

HP:   0/90 (92)     AC: 21    Str: 21    XL:     11   Next: 65%
MP:   11/11         EV: 11    Int:  8    God:    Trog [*****.]
Gold: 647           SH:  0    Dex: 13    Spells: 10/10 levels left

rFire    . . .     SeeInvis .   M - +3 battleaxe (curse)
rCold    + . .     Gourm    .   (shield currently unavailable)
rNeg     . . .     Faith    .   m - +1 ring mail {MR+}
rPois    .         Spirit   .   p - +2 helmet
rElec    .         Reflect  .   (no cloak)
rCorr    .         Harm     .   (gloves unavailable)
MR       +++..                  q - +0 pair of boots
Stlth    ++........             H - amulet of magic regeneration
HPRegen  1.25/turn              y - ring of protection from fire
MPRegen  0.37/turn              l - ring of ice

@: sanguine armour, regenerating
A: claws 3, spiny 2, sanguine armour 2
a: Berserk, Trog's Hand, Brothers in Arms, Burn Spellbooks, Renounce Religion


You were on level 1 of the Orcish Mines.
You worshipped Trog.
Trog was extremely pleased with you.
You were not hungry.

You visited 3 branches of the dungeon, and saw 15 of its levels.

You collected 895 gold pieces.
You spent 248 gold pieces at shops.

Inventory:

Hand Weapons
 a - a +0 hand axe
 s - a +1 war axe of distortion
 u - a +2 dagger of venom
 x - a +2 dagger of freezing
 A - a +0 short sword of protection
 B - a +5 scimitar
 C - a +4 short sword
 F - the +9 war axe of Rotation {speed, *Noise rN+ MR+}
   (You found it on level 7 of the Dungeon)

   Attacks with this weapon are significantly faster.
   It protects you from negative energy.
   It affects your resistance to hostile enchantments.
   It may make noises in combat.
 I - a +2 antimagic flail
 J - a +0 blowgun
 L - a +4 long sword
 M - a cursed +3 battleaxe (weapon)
 N - a +3 scimitar of flaming
 P - a +6 antimagic executioner's axe
 Q - a +5 mace
 T - a +3 long sword
 U - a cursed -1 flail
 V - a +0 halberd of flaming
 Y - a cursed -3 war axe
Missiles
 f - 2 javelins (quivered)
 h - 429 stones
 j - 35 poisoned needles
 K - 6 needles of sleeping
 O - 7 needles of confusion
 W - 4 curare-tipped needles
 Z - 14 tomahawks
Armour
 m - a +1 ring mail of magic resistance (worn)
 p - a +2 helmet (worn)
 q - a +0 pair of boots (worn)
 r - a +0 large shield
Jewellery
 l - a ring of ice (right claw)
 y - a ring of protection from fire (left claw)
 H - an amulet of magic regeneration (around neck)
Wands
 n - a wand of digging (20)
Scrolls
 e - 4 scrolls of teleportation
 g - a scroll of fog
 k - a scroll of blinking
 t - 2 scrolls of holy word {unknown}
 w - 3 scrolls of identify
 E - a scroll of remove curse
 R - a scroll of fear {unknown}
Potions
 b - a potion of lignification
 d - a potion of brilliance
 o - 2 potions of flight
 v - 3 potions of magic
 z - 2 potions of agility
 D - 4 potions of curing
 X - a potion of invisibility
Miscellaneous
 i - a crystal ball of energy
Comestibles
 c - 11 rations


   Skills:
 + Level 10.3 Fighting
 + Level 9.6 Axes
 + Level 9.3 Armour
 - Level 1.8 Dodging
 - Level 5.1 Stealth
 - Level 5.0 Shields


You had 10 spell levels left.
You didn't know any spells.

Dungeon Overview and Level Annotations

Branches:
Dungeon (12/15)            Temple (0/1) D:6            Lair (2/6) D:9
    Orc (1/2) D:10
  Swamp: Lair:2-4    Shoals: Lair:2-4     Snake: Lair:2-4    Spider: Lair:2-4

Altars:
Ashenzari
Dithmenos
Fedhas
Gozag
Hepliaklqana
Kikubaaqudgha
Makhleb
Okawaru
Qazlal
Ru
Sif Muna
Trog
Xom
Zin

Shops:
D:9 *   D:10 *

Annotations:
D:3 Natasha
D:4 exclusion: downstairs
D:6 exclusion: oklob plant
D:11 zuik's ghost, journeyman HuFi


Innate Abilities, Weirdness & Mutations

You have claws for hands.
You are mostly covered in sharp spines.
When seriously injured, your bleeding wounds create thick armour. (AC +9)


Message History

You kill the two-headed ogre!
Trog accepts your kill.
The stone giant throws a large rock.
The large rock closely misses you.
The stone giant throws a large rock.
The large rock hits you!!
The stone giant throws a large rock.
The large rock hits you!
The stone giant is struck by your spines.
The stone giant hits you!
Your blood congeals into armour.
You slash the stone giant!
The stone giant is lightly wounded.
The stone giant is struck by your spines.
The stone giant hits you!!
* * * LOW HITPOINT WARNING * * *
The stone giant hits you!
* * * LOW HITPOINT WARNING * * *
Your skin crawls.
You feel resistant to hostile enchantments.
You feel quite a bit more hungry.
The stone giant is struck by your spines.
The stone giant hits you!
You die...

C.# .# #. ....#. ......##..(.##
...C..#....(.###
....##......(#.## ##
......#.#...#...# #. ..........#
#).## ##. ... #......####.C.#
##.. .. #..........@..## ###...
.###..............#####.##...))
##.............#.....##.....^.#)
#.....###.....##.....###.#....##
#...#.###....#......# #.....#.#
##.....##...###....#####.......
#......#..........## #.........
##.#...............###....#....
###............###.......#....


You could see a stone giant.

Vanquished Creatures
  Erica (D:9)
  A two-headed ogre (Orc:1)
  An orc sorcerer (Orc:1)
  A centaur zombie (D:11)
  Joseph (D:8)
  Psyche (D:9)
  A komodo dragon (D:9)
  The ghost of Thian the Covered, an amateur DDFi (D:6)
  Grinder (D:5)
  5 hippogriffs
  A spriggan (D:7)
  Eustachio (D:5)
  7 yaks
  Grum (D:11)
  2 humans (D:7)
  2 hungry ghosts
  A steam dragon (D:10)
  Menkaure (D:5)
  A soldier ant (D:10)
  Duvessa (D:7)
  A water moccasin (D:8)
  5 orc warriors
  3 sky beasts
  2 phantoms (D:7)
  5 necrophages
  4 ogres
  2 centaurs
  2 wolves
  A crocodile (D:11)
  2 big kobolds
  A wyvern zombie (D:7)
  8 bullfrogs
  Dowan (D:7)
  3 scorpions
  8 killer bees
  16 wights
  A howler monkey (D:4)
  3 bullfrog zombies
  2 crimson imps (D:7)
  3 quasits
  5 jellies
  6 orc wizards
  A gnoll shaman (D:4)
  6 orc priests
  5 hounds
  A centaur skeleton (D:3)
  5 iguanas
  Natasha (D:3)
  3 worker ants
  2 hound skeletons
  Robin (D:2)
  2 worker ant zombies
  8 adders
  6 gnolls
  A howler monkey skeleton (D:9)
  2 shadow imps
  2 oozes (D:2)
  2 adder zombies
  An adder skeleton (D:4)
  3 worms
  2 dart slugs (D:2)
  8 leopard geckos
  26 orcs
  4 giant cockroaches
  14 goblins
  6 hobgoblins (D:2)
  16 jackals
  14 kobolds
  5 quokkas
  2 ball pythons (D:3)
  7 bats
  10 frilled lizards
  2 quokka skeletons
  A quokka zombie (D:9)
  10 rats
295 creatures vanquished.

Vanquished Creatures (collateral kills)
  Fannar (D:9)
1 creature vanquished.

Grand Total: 296 creatures vanquished

Notes
Turn   | Place    | Note
-------+----------+-------------------------------------------
     0 | D:1      | Supahsalami the Demonspawn Berserker began the quest for the Orb.
     0 | D:1      | Reached XP level 1. HP: 18/18 MP: 1/1
   521 | D:1      | Gained mutation: When seriously injured, your bleeding wounds create armour. (AC +9) [demonic ancestry]
   521 | D:1      | Reached XP level 2. HP: 24/24 MP: 2/2
   947 | D:2      | Found a sacrificial altar of Ru.
   956 | D:2      | Gained mutation: You are partially covered in sharp spines. [demonic ancestry]
   956 | D:2      | Reached XP level 3. HP: 21/29 MP: 3/3
   967 | D:2      | Reached ** piety under Trog
   976 | D:2      | Reached skill level 1 in Stealth
  1177 | D:2      | Gained mutation: You have sharp fingernails. [demonic ancestry]
  1177 | D:2      | Reached XP level 4. HP: 36/36 MP: 4/4
  1231 | D:3      | Found an opulent altar of Gozag.
  1347 | D:2      | Found a shattered altar of Ashenzari.
  1356 | D:2      | Noticed Robin
  1387 | D:2      | Killed Robin
  1396 | D:2      | Reached *** piety under Trog
  2114 | D:3      | Gained mutation: When seriously injured, your bleeding wounds create thick armour. (AC +9) [demonic ancestry]
  2114 | D:3      | Reached XP level 5. HP: 42/42 MP: 5/5
  2267 | D:3      | Noticed Natasha
  2281 | D:3      | Killed Natasha
  2281 | D:3      | Reached skill level 4 in Fighting
  2306 | D:3      | Noticed Natasha
  2372 | D:3      | Found a bloodstained altar of Trog.
  2580 | D:5      | Entered Level 5 of the Dungeon
  2580 | D:5      | Noticed Eustachio
  2872 | D:5      | Noticed an ogre
  2873 | D:5      | Noticed Menkaure
  2882 | D:4      | Killed an ogre
  2882 | D:4      | Gained mutation: You have very sharp fingernails. [demonic ancestry]
  2882 | D:4      | Reached XP level 6. HP: 49/49 MP: 6/6
  2910 | D:5      | Killed Menkaure
  2911 | D:5      | Found an ancient bone altar of Kikubaaqudgha.
  2916 | D:5      | Noticed Grinder
  2919 | D:4      | Gained mutation: You have claws for hands. [demonic ancestry]
  2919 | D:4      | Reached XP level 7. HP: 23/55 MP: 7/7
  3350 | D:5      | Killed Grinder
  3350 | D:5      | Reached skill level 5 in Fighting
  3679 | D:5      | Killed Eustachio
  3679 | D:5      | Reached skill level 5 in Axes
  3847 | D:6      | Reached XP level 8. HP: 57/63 MP: 8/8
  3947 | D:6      | Found a hazy altar of Hepliaklqana.
  4153 | D:6      | Reached **** piety under Trog
  4188 | D:6      | Noticed Thian's ghost (amateur DDFi)
  4380 | D:7      | Found an iron altar of Okawaru.
  4409 | D:7      | Reached skill level 6 in Fighting
  4427 | D:7      | Reached skill level 5 in Armour
  4427 | D:7      | Reached skill level 5 in Stealth
  4529 | D:7      | Noticed Dowan
  4533 | D:7      | Found a shadowy altar of Dithmenos.
  4534 | D:7      | Noticed Duvessa
  4561 | D:7      | Killed Dowan
  4582 | D:7      | Killed Duvessa
  4582 | D:7      | Reached skill level 1 in Shields
  4952 | D:7      | Reached XP level 9. HP: 38/70 MP: 9/9
  5165 | D:7      | Got an ancient war axe
  5203 | D:7      | Noticed an angel
  5204 | D:7      | Found a glowing silver altar of Zin.
  5204 | D:7      | Found a shimmering altar of Xom.
  5531 | D:7      | Reached skill level 7 in Fighting
  5860 | D:6      | Found a burning altar of Makhleb.
  5860 | D:6      | Found a stormy altar of Qazlal.
  5863 | D:6      | Found a deep blue altar of Sif Muna.
  6172 | D:7      | You fall through a shaft for 3 floors!
  6172 | D:10     | Entered Level 10 of the Dungeon
  6223 | D:9      | Found a staircase to the Lair.
  6229 | Lair:1   | Entered Level 1 of the Lair of Beasts
  6264 | Lair:1   | Noticed a spiny frog
  6357 | Lair:1   | Noticed a spiny frog
  6363 | Lair:2   | Noticed a komodo dragon
  6399 | D:9      | Killed a komodo dragon
  6610 | D:11     | Noticed Grum
  6610 | D:11     | Noticed a cyclops
  7202 | D:11     | Received a gift from Trog
  7344 | D:11     | Gained mutation: You are mostly covered in sharp spines. [demonic ancestry]
  7344 | D:11     | Reached XP level 10. HP: 64/79 MP: 10/10
  7480 | D:11     | Reached skill level 8 in Fighting
  7512 | D:11     | Noticed zuik's ghost (journeyman HuFi)
  7567 | D:11     | Killed Grum
  7631 | D:10     | Noticed Fannar
  8249 | D:9      | Noticed Psyche
  8546 | D:8      | Reached skill level 5 in Shields
  8571 | D:8      | Noticed Joseph
  8735 | D:8      | Killed Joseph
  9068 | D:8      | Reached skill level 9 in Fighting
  9423 | D:8      | Reached ***** piety under Trog
 10125 | D:6      | Killed Thian's ghost
 10310 | D:6      | Found a staircase to the Ecumenical Temple.
 10434 | D:6      | Found a blossoming altar of Fedhas.
 10445 | D:6      | Noticed an oklob plant
 10956 | D:5      | Identified the +9 war axe of Rotation {speed, *Noise rN+ MR+} (You found it on level 7 of the Dungeon)
 11213 | D:9      | Killed Psyche
 11213 | D:9      | Reached XP level 11. HP: 82/87 MP: 11/11
 11324 | D:9      | Noticed Erica
 11340 | D:9      | Killed Erica
 11340 | D:9      | Received a gift from Trog
 11683 | D:9      | Got a bronze ring mail
 12365 | D:9      | Found Qiotue's General Store.
 12373 | D:9      | Bought a scroll of blinking for 120 gold pieces
 12418 | D:9      | Killed Fannar
 12418 | D:9      | Reached skill level 10 in Fighting
 12513 | D:10     | Found a staircase to the Orcish Mines.
 12529 | Orc:1    | Entered Level 1 of the Orcish Mines
 12625 | D:10     | Found Deal's General Store.
 12629 | D:10     | Bought a scroll of teleportation for 48 gold pieces
 12629 | D:10     | Bought a scroll of identify for 32 gold pieces
 12629 | D:10     | Bought a scroll of remove curse for 48 gold pieces
 13915 | Orc:1    | Noticed an orc sorcerer
 13927 | Orc:1    | Killed an orc sorcerer
 13955 | Orc:1    | Noticed a two-headed ogre
 14015 | Orc:1    | Noticed a stone giant
 14119 | Orc:1    | Killed a two-headed ogre
 14131 | Orc:1    | Slain by a stone giant

Skill      XL: |  1  2  3  4  5  6  7  8  9 10 11 |
---------------+----------------------------------+-----
Axes           | 3 4 5 6 7 8 9 |  9.6
Armour         | 2 3 4 5 6 8 9 |  9.3
Stealth        | 1 2 3 4 5 |  5.1
Fighting       | 4 5 6 7 9 10 | 10.3
Shields        | 1 3 5 |  5.0
Dodging        | |  1.8

Action                   |  1- 3 |  4- 6 |  7- 9 | 10-12 || total
-------------------------+-------+-------+-------+-------++-------
Melee: Hand axe          |    31 |       |       |       ||    31
       Dagger            |    82 |   117 |    51 |       ||   250
       Whip              |       |       |   450 |   356 ||   806
       Battleaxe         |       |       |       |   116 ||   116
Throw: Throwing net      |     2 |     1 |       |       ||     3
       Javelin           |       |       |    16 |    18 ||    34
       Stone             |       |       |       |    15 ||    15
       Tomahawk          |       |       |       |     4 ||     4
Invok: Berserk           |       |     2 |     5 |     5 ||    12
       Trog's Hand       |       |     1 |     3 |     5 ||     9
       Burn Spellbooks   |       |       |       |     1 ||     1
       Brothers in Arms  |       |       |       |     1 ||     1
  Use: Scroll            |       |     6 |    11 |     7 ||    24
       Potion            |       |     2 |       |    10 ||    12
 Stab: Held in net/web   |       |     1 |       |       ||     1
       Sleeping          |       |       |     3 |     2 ||     5
       Distracted        |       |       |       |     1 ||     1
  Eat: Chunk             |     1 |     7 |    13 |    17 ||    38
       Ration            |       |       |     3 |     4 ||     7
Armor: Leather armour    |    12 |       |       |       ||    12
       Ring mail         |    31 |    36 |   180 |   253 ||   500
Dodge: Dodged            |    60 |    58 |   220 |   308 ||   646
